 Dungeon Crawl Stone Soup version 0.18.0-2-g198d6d4 (webtiles) character file.

196055 Alarkh the Impaler (level 17, -2/128 HPs)
             Began as a Mummy Skald on May 5, 2016.
             Was an Initiate of Gozag.
             Slain by a deep elf knight
             ... wielding a +0 short sword
              (14 damage)
             ... on level 2 of the Vaults.
             The game lasted 01:53:58 (46839 turns).

Alarkh the Impaler (Mummy Skald)                   Turns: 46839, Time: 01:53:58

Health: -2/128     AC: 16    Str: 15    XL:     17   Next: 73%
Magic:  32/32      EV: 18    Int: 17    God:    Gozag
Gold:   2270       SH:  4    Dex: 18    Spells: 8 memorised, 14 levels left

rFire  + . .     SeeInvis .     a - +4 halberd (elec)
rCold  + . .     Gourm    .     A - +3 leather armour {rF+}
rNeg   + + +     Faith    .     (shield currently unavailable)
rPois  ∞         Spirit   .     p - +2 helmet of Peek-a-Boo {rC+}
rElec  .         Dismiss  .     i - +0 cloak
rCorr  .         Reflect  +     t - +0 pair of gloves
SustAt .         Harm     .     C - +2 pair of boots {run}
MR     ++...                    D - +4 amulet of reflection
Stlth  +.........               k - ring of fire
                                N - +5 ring of dexterity

@: about to teleport, quick, very resistant to hostile enchantments, very
unstealthy
A: no food or potions, fire vulnerability, cold resistance 1, negative energy
resistance 3, torment resistance, unbreathing, in touch with death 1, restore
body
a: Self-Restoration, Potion Petition, Call Merchant, Bribe Branch, Renounce
Religion
}: 1/15 runes: decaying


You were on level 2 of the Vaults.
You worshipped Gozag.
Gozag was noncommittal.
You were not hungry.

You visited 7 branches of the dungeon, and saw 33 of its levels.
You also visited: Labyrinth and Bailey.

You collected 13212 gold pieces.
You spent 1740 gold pieces at shops.
You paid 9202 gold pieces to Gozag.

Inventory:

Hand Weapons
 a - a +4 halberd of electrocution (weapon)
 b - a +4 spear of flaming
Missiles
 v - a throwing net (quivered)
Armour
 i - a +0 cloak (worn)
 p - the +2 helmet of Peek-a-Boo (worn) {rC+}
   (You bought it in a shop on level 2 of the Orcish Mines)

   It protects you from cold.
 t - a +0 pair of gloves (worn)
 A - a +3 leather armour of fire resistance (worn)
 C - a +2 pair of boots of running (worn)
Magical Staves
 K - an uncursed staff of wizardry
Jewellery
 f - an uncursed ring of protection from magic
 j - an uncursed ring of sustain attributes
 k - a ring of fire (right hand)
 o - the ring "Wezeosi" {-Tele rF++ Dex+3 Stlth+}
   (You found it on level 13 of the Dungeon)

   [ring of stealth]

   It affects your dexterity (+3).
   It greatly protects you from fire.
   It prevents most forms of teleportation.
   It makes you more stealthy.
 y - an uncursed ring of teleportation
 D - a +4 amulet of reflection (around neck)
 J - an uncursed ring of flight
 N - a +5 ring of dexterity (left hand)
Wands
 c - a wand of acid (5/15)
 g - a wand of paralysis (16/24)
 l - a wand of lightning (0/15)
 n - a wand of random effects (17/48)
 z - a wand of disintegration (6/24)
 B - a wand of iceblast (4/15)
 E - a wand of digging (11/24)
 L - a wand of lightning (10/15)
 P - a wand of slowing (28/48)
 Q - a wand of disintegration (13/24)
 T - a wand of slowing (22/48)
Scrolls
 e - 11 scrolls of remove curse
 m - 4 scrolls of fog
 q - 5 scrolls of identify
 r - 2 scrolls of magic mapping
 s - 5 scrolls of recharging
 w - 4 scrolls of fear
 x - 2 scrolls of enchant armour
 F - 2 scrolls of summoning
 G - 2 scrolls of silence
 I - a scroll of teleportation
 O - a scroll of enchant weapon
 R - a scroll of brand weapon {unknown}
Books
 H - a book of Dreams

   Spells                             Type                      Level
   a - Ensorcelled Hibernation        Hexes/Ice                    2
   b - Silence                        Hexes/Air                    5
   c - Darkness                       Hexes                        6
   d - Shadow Creatures               Summoning                    6
 S - a book of Clouds

   Spells                             Type                      Level
   a - Mephitic Cloud                 Conjuration/Poison/Air       3
   b - Conjure Flame                  Conjuration/Fire             3
   c - Poisonous Cloud                Conjuration/Poison/Air       6
   d - Freezing Cloud                 Conjuration/Ice/Air          6
   e - Ring of Flames                 Charms/Fire                  7
Miscellaneous
 d - a plain deck of summoning {the Elements}
 h - a lamp of fire
 u - an ornate deck of changes {Dowsing}
 M - a plain deck of defence {drawn: 2}


   Skills:
 - Level 10.0 Fighting
 - Level 16.0 Polearms
 - Level 8.0 Armour
 - Level 8.0 Dodging
 + Level 11.4 Spellcasting
 - Level 7.0 Charms
 * Level 13.0 Air Magic


You had 14 spell levels left.
You knew the following spells:

 Your Spells              Type           Power        Failure   Level  Hunger
a - Infusion              Chrm           ####         1%          1    N/A
b - Summon Butterflies    Summ           #.......     12%         1    N/A
c - Spectral Weapon       Hex/Chrm       ###.....     10%         3    N/A
d - Repel Missiles        Chrm/Air       #####.       1%          2    N/A
e - Shroud of Golubria    Chrm/Tloc      ###.......   3%          2    N/A
f - Apportation           Tloc           #.........   12%         1    N/A
g - Tornado               Air            ######....   100%        9    N/A
h - Lightning Bolt        Conj/Air       ####......   21%         5    N/A

Dungeon Overview and Level Annotations

Branches:
Dungeon (15/15)            Temple (1/1) D:5            Lair (8/8) D:11
  Swamp (4/4) Lair:3       Spider (0/4) Lair:6        Slime (0/6) Lair:6
    Orc (2/2) D:11            Elf (0/3) Orc:2        Vaults (2/5) D:14
 Depths (1/5) D:15
  Crypt: Vaults:2-3

Altars:
Ashenzari
Cheibriados
Dithmenos
Elyvilon
Fedhas
Gozag
Kikubaaqudgha
Makhleb
Nemelex Xobeh
Okawaru
Pakellas
Qazlal
Ru
Sif Muna
Trog
Vehumet
Xom
Yredelemnul
Zin
The Shining One
Beogh
Jiyva

Shops:
D:7 (   D:10 (   Orc:1 [   Orc:2 }[}*[**?   Lair:1 (*((=*([   Vaults:2 (

Portals:
Trove: D:10 (give +4 ice dragon armour)

Annotations:
Lair:7 exclusion: downstairs
Lair:8 barb4r1an's ghost, journeyman GrBe
Swamp:4 Lernaean hydra


Innate Abilities, Weirdness & Mutations

You do not eat or drink.
Your flesh is vulnerable to fire.
You are immune to poison.
Your flesh is cold resistant.
You are immune to negative energy.
You are immune to unholy pain and torment.
You can survive without breathing.
You are in touch with the powers of death.
You can restore your body by infusing magical energy.


Message History

Your spectral weapon fades away.
* * * LOW HITPOINT WARNING * * *
You hear some strange, mumbled words.
A shard of ice appears from out of thin air!
The shard of ice misses you. Something hits you.
* * * LOW HITPOINT WARNING * * *
You hear some strange, mumbled words.
A shard of ice appears from out of thin air!
The shard of ice misses you.
You hear some strange, mumbled words.
A shard of ice appears from out of thin air!
The shard of ice hits you! You partially resist.
* * * LOW HITPOINT WARNING * * *
Something hits you but does no damage.
Read which item? (? for menu, Esc to quit)
As you read the scroll of teleportation, it crumbles to dust.
You feel strangely unstable. Something hits you!
You die...
Your body crumbles into a pile of gold.

#....#
#....#
#....#
#....#
#....#
#....#
#....#
#....#
#.@..#
#....#
#....#
#....#
#....#
#....#
#....#
#....#


There were no monsters in sight!

Vanquished Creatures
  Kirke (Lair:5)
  Frances (D:13)
  2 thorn hunters (Swamp:4)
  A fire giant (Vaults:2)
  An orc warlord (Orc:2)
  4 ironheart preservers
  A minotaur (Lab)
  2 vault guards (D:14)
  Snorg (Lair:7)
  A great orb of eyes (Vaults:1)
  A fire dragon (D:15)
  2 yaktaur captains
  A rakshasa (Vaults:2)
  The ghost of feelmyfire the Cruncher, a journeyman MiFi of Okawaru (D:11)
  Fannar (D:12)
  22 hydras
  Erica (D:11)
  A death knight (Vaults:2)
  19 alligators
  6 centaur warriors
  2 ghost crabs (Swamp:3)
  A tengu warrior (D:14)
  A deep troll earth mage (Vaults:1)
  An orc high priest (Vaults:1)
  6 ogre magi
  A hell knight (Vaults:2)
  A skeletal warrior (Vaults:1)
  A deep elf knight (Vaults:1)
  Nergalle (Lair:4)
  The ghost of Shenda the Grappler, a novice DrTm of Okawaru (Lair:1)
  3 hill giants
  3 spriggan druids (Swamp:3)
  10 swamp dragons
  3 deep trolls
  2 deep elf archers (Vaults:1)
  2 lindwurms (D:11)
  4 ironbrand convokers
  A flayed ghost (Vaults:1)
  8 orc knights
  2 shambling mangroves
  A necromancer (D:14)
  2 deep elf magi (Vaults:1)
  2 hornets (Vaults:1)
  A phantasmal warrior (Vaults:1)
  A wolf spider zombie (D:14)
  6 cyclopes
  21 ugly things
  4 griffons
  A wolf spider (Vaults:1)
  3 orc sorcerers
  A shining eye (shapeshifter) (Vaults:1)
  A manticore (Lair:1)
  A wizard (D:14)
  Maurice (D:8)
  4 vault sentinels (Vaults:1)
  A torpor snail (Lair:6)
  5 centaur skeletons
  8 black mambas
  4 molten gargoyles
  A gargoyle (D:15)
  36 spiny frogs
  2 demonic crawlers (D:11)
  5 yaktaurs
  2 freezing wraiths
  13 komodo dragons
  7 trolls
  A jumping spider (Lair:6)
  A troll (shapeshifter) (D:14)
  A tengu conjurer (D:14)
  7 bog bodies
  7 giant leeches
  10 slime creatures
  17 two-headed ogres
  41 blink frogs
  A boulder beetle (Lair:8)
  A vampire (D:15)
  3 redbacks
  3 shadows
  2 wyverns
  48 yaks
  2 spriggans
  2 wraiths (Vaults:1)
  20 humans
  3 basilisks
  8 hippogriffs
  8 hungry ghosts
  18 vampire mosquitoes
  A hog (Lair:5)
  3 mottled dragons
  15 insubstantial wisps
  2 wargs
  34 swamp worms
  22 water moccasins
  10 porcupines
  20 swamp drakes
  5 sky beasts
  6 ice beasts
  A black bear (Lair:3)
  4 boggarts (Vaults:1)
  33 orc warriors
  A phantom (D:13)
  2 eyes of draining
  11 wasps
  The ghost of varam the Poker, an amateur CeGl (D:3)
  11 wolves
  39 ogres
  20 centaurs
  8 crocodiles
  7 big kobolds
  33 giant frogs
  A wyvern skeleton (D:10)
  6 scorpions
  14 wights
  5 killer bees (D:12)
  6 electric eels
  A howler monkey (D:7)
  5 crimson imps
  4 centaur zombies
  A giant frog zombie (D:11)
  2 human simulacra
  2 jellies
  14 orc priests
  A hound (D:6)
  25 orc wizards
  4 giant frog skeletons
  9 iguanas
  12 worker ants
  8 sheep
  A hound zombie (D:8)
  Robin (D:2)
  2 worker ant zombies
  15 adders
  15 gnolls
  50 river rats
  3 shadow imps
  An ufetubus (Vaults:2)
  2 oozes (D:3)
  An adder zombie (D:8)
  13 worms
  2 dart slugs
  6 giant geckos
  101 orcs
  7 bats
  9 giant cockroaches
  29 hobgoblins
  14 jackals
  7 quokkas
  3 ball pythons (D:11)
  5 giant newts
  26 goblins
  58 kobolds
  12 rats
  A butterfly (Lair:1)
  2 fungi
1257 creatures vanquished.

Vanquished Creatures (collateral kills)
  A hydra (Swamp:1)
1 creature vanquished.

Vanquished Creatures (others)
  A fire crab (shapeshifter) (Vaults:2)
  A wizard (D:14)
  A vampire (D:11)
  A hungry ghost (D:2)
  A briar patch (Swamp:4)
  48 fungi
  52 plants
  63 spectral weapons
168 creatures vanquished.

Grand Total: 1426 creatures vanquished

Notes
Turn   | Place    | Note
--------------------------------------------------------------
     0 | D:1      | Alarkh the Mummy Skald began the quest for the Orb.
     0 | D:1      | Reached XP level 1. HP: 16/16 MP: 3/3
    51 | D:1      | Reached skill level 2 in Polearms
    71 | D:1      | Reached XP level 2. HP: 15/22 MP: 3/5
   794 | D:2      | Found an oddly glowing altar of Pakellas.
   794 | D:2      | Noticed a hungry ghost
   804 | D:2      | Killed a hungry ghost
   855 | D:2      | Reached XP level 3. HP: 16/27 MP: 1/6
   863 | D:2      | Learned a level 2 spell: Shroud of Golubria
   867 | D:2      | Learned a level 3 spell: Spectral Weapon
  1070 | D:2      | Reached skill level 3 in Polearms
  1096 | D:2      | Noticed Robin
  1435 | D:2      | Killed Robin
  1507 | D:2      | Found a stormy altar of Qazlal.
  1614 | D:2      | Reached XP level 4. HP: 6/33 MP: 0/7
  2441 | D:3      | Reached skill level 4 in Polearms
  2879 | D:3      | Reached XP level 5. HP: 38/38 MP: 4/8
  3020 | D:3      | Noticed an ogre
  3095 | D:4      | Noticed an ogre
  3131 | D:3      | Noticed varam's ghost (amateur CeGl)
  3584 | D:3      | Killed an ogre
  3584 | D:3      | Reached skill level 5 in Polearms
  3640 | D:3      | Reached XP level 6. HP: 38/44 MP: 3/9
  4165 | D:3      | Killed varam's ghost
  4572 | D:3      | Found a radiant altar of Vehumet.
  4572 | D:3      | Found a burning altar of Makhleb.
  4591 | D:3      | Reached skill level 6 in Polearms
  4723 | D:3      | Reached XP level 7. HP: 30/50 MP: 4/10
  5293 | D:4      | Found a shimmering altar of Xom.
  5407 | D:4      | Found a bloodstained altar of Trog.
  5623 | D:5      | Entered Level 5 of the Dungeon
  6157 | D:5      | Found a staircase to the Ecumenical Temple.
  6207 | Temple   | Entered the Ecumenical Temple
  6286 | Temple   | Became a worshipper of Gozag Ym Sagoz the Greedy
  6811 | D:6      | Found a sacrificial altar of Ru.
  6892 | D:6      | Reached XP level 8. HP: 54/56 MP: 8/14
  6902 | D:6      | Reached skill level 5 in Charms
  7126 | D:7      | Found Koucvu's Weapon Shoppe.
  7458 | D:7      | Reached skill level 7 in Polearms
  7661 | D:7      | Reached skill level 8 in Polearms
  7853 | D:7      | Reached XP level 9. HP: 32/61 MP: 12/15
  8709 | D:6      | Reached skill level 9 in Polearms
 10000 | D:7      | Reached skill level 10 in Polearms
 10273 | D:8      | Noticed Maurice
 10333 | D:8      | Killed Maurice
 10431 | D:8      | Found an iron altar of Okawaru.
 10692 | D:8      | Reached XP level 10. HP: 50/67 MP: 12/16
 10746 | D:8      | Reached skill level 11 in Polearms
 10838 | D:8      | Found a glowing golden altar of the Shining One.
 10852 | D:8      | Found a basalt altar of Yredelemnul.
 10854 | D:8      | Noticed a profane servitor
 10860 | D:8      | Noticed an angel
 10920 | D:9      | Noticed a molten gargoyle
 11175 | D:9      | Reached skill level 1 in Armour
 11185 | D:9      | Reached skill level 1 in Dodging
 11424 | D:9      | Noticed a molten gargoyle
 11650 | D:9      | Killed a molten gargoyle
 11844 | D:9      | Noticed a molten gargoyle
 11858 | D:10     | Entered Level 10 of the Dungeon
 12034 | D:10     | Noticed a hill giant
 12058 | D:10     | Killed a hill giant
 12426 | D:10     | Found a flagged portal.
 12466 | Bailey   | Entered a bailey
 13202 | D:10     | Found Zeor's Antique Weapon Shoppe.
 13212 | D:10     | Found a portal to a secret trove of treasure.
 13511 | D:10     | Got an iridescent rapier
 13512 | D:10     | Identified the +7 rapier "Murmur" {pierce, +Fly SInv} (You found it on level 10 of the Dungeon)
 13812 | D:10     | Reached XP level 11. HP: 74/78 MP: 17/17
 13934 | D:11     | Found a staircase to the Lair.
 13938 | D:11     | Noticed feelmyfire's ghost (journeyman MiFi)
 13944 | Lair:1   | Entered Level 1 of the Lair of Beasts
 13996 | Lair:1   | Reached skill level 12 in Polearms
 14065 | Lair:1   | Got an encrusted dagger
 14066 | Lair:1   | Identified the +7 dagger "Opnoby" {venom, rPois rC+ MP+9 Dex+3} (You found it on level 1 of the Lair of Beasts)
 14506 | Lair:1   | Reached skill level 5 in Fighting
 14551 | Lair:1   | Noticed Shenda's ghost (novice DrTm)
 14591 | Lair:1   | Killed Shenda's ghost
 14650 | Lair:1   | Bought a twisted halberd for 297 gold pieces
 14650 | Lair:1   | Bought a glowing spear for 99 gold pieces
 14650 | Lair:1   | Identified the +8 halberd of Cataclysm {chop, rN++ MR- Int+4 Stlth+} (You bought it in a shop on level 1 of the Lair of Beasts)
 15171 | Lair:1   | Got a smelly ring mail
 15182 | Lair:1   | Identified the +1 ring mail "Xebopotiukh" {Dex+3} (You found it on level 1 of the Lair of Beasts)
 16133 | Lair:2   | Noticed a four-headed hydra
 16241 | Lair:2   | Killed a four-headed hydra
 16276 | Lair:3   | Noticed a four-headed hydra
 16385 | Lair:3   | Killed a four-headed hydra
 16385 | Lair:3   | Reached skill level 5 in Dodging
 16385 | Lair:3   | Reached XP level 12. HP: 30/89 MP: 2/18
 16733 | Lair:3   | Reached skill level 5 in Armour
 16789 | Lair:3   | Reached skill level 13 in Polearms
 16832 | Lair:3   | Noticed an eight-headed hydra
 16846 | Lair:3   | Killed an eight-headed hydra
 17306 | Lair:3   | Found a staircase to the Swamp.
 17881 | Lair:4   | Found a labyrinth entrance.
 17886 | Lair:4   | Noticed Nergalle
 17896 | Lair:4   | Killed Nergalle
 17901 | Lab      | Entered a labyrinth
 18163 | Lab      | Noticed a minotaur
 18236 | Lab      | Killed a minotaur
 18844 | Lair:4   | Learned a level 2 spell: Repel Missiles
 19545 | Lair:5   | Gained mutation: You are in touch with the powers of death. [Mummy growth]
 19545 | Lair:5   | Gained mutation: You can restore your body by infusing magical energy. [Mummy growth]
 19545 | Lair:5   | Reached XP level 13. HP: 73/98 MP: 15/19
 19595 | Lair:5   | Identified a +0 pair of boots of running (You found it on level 5 of the Lair of Beasts)
 20038 | Lair:5   | Reached skill level 14 in Polearms
 20042 | Lair:5   | Noticed Kirke
 20278 | Lair:5   | Killed Kirke
 20278 | Lair:5   | Reached skill level 1 in Air Magic
 20665 | Lair:6   | Found a hole to the Spider Nest.
 20756 | Lair:6   | Found a runed door.
 20908 | Lair:6   | Learned a level 1 spell: Summon Butterflies
 20910 | Lair:6   | Learned a level 1 spell: Apportation
 21026 | Lair:6   | Found a staircase to the Slime Pits.
 21027 | Lair:6   | Found a viscous altar of Jiyva.
 21929 | Lair:7   | Noticed Snorg
 21939 | Lair:7   | Killed Snorg
 22427 | Lair:8   | Entered Level 8 of the Lair of Beasts
 22663 | Lair:8   | Reached skill level 5 in Spellcasting
 22742 | Lair:8   | Reached XP level 14. HP: 92/108 MP: 16/21
 23218 | Lair:8   | Noticed barb4r1an's ghost (journeyman GrBe)
 24463 | D:11     | Killed feelmyfire's ghost
 24900 | D:11     | Noticed Erica
 24944 | D:11     | Killed Erica
 25073 | D:11     | Found a staircase to the Orcish Mines.
 25566 | D:11     | Reached skill level 15 in Polearms
 26660 | D:12     | Noticed Fannar
 26674 | D:12     | Killed Fannar
 26914 | Orc:1    | Entered Level 1 of the Orcish Mines
 27233 | Orc:2    | Entered Level 2 of the Orcish Mines
 27337 | Orc:1    | Reached skill level 10 in Fighting
 27875 | Orc:2    | Found Geso's General Store.
 27877 | Orc:2    | Found a roughly hewn altar of Beogh.
 27883 | Orc:2    | Found a staircase to the Elven Halls.
 27993 | Orc:2    | Reached XP level 15. HP: 54/115 MP: 10/24
 28267 | Orc:2    | Found Jeyxul's Armour Emporium.
 28267 | Orc:2    | Found Xot Woum's General Store.
 28268 | Orc:2    | Found Xiacioky's Gadget Boutique.
 28268 | Orc:2    | Found Xyafuow's Antique Armour Shoppe.
 28436 | Orc:2    | Bought a smoking helmet for 218 gold pieces
 28446 | Orc:2    | Identified the +2 helmet of Peek-a-Boo {rC+} (You bought it in a shop on level 2 of the Orcish Mines)
 28461 | Orc:2    | Found Ejawucro's Gadget Shop.
 28583 | Orc:2    | Found Tuibanogh's Magic Scroll Shop.
 28589 | Orc:2    | Found Voxoq's Assorted Antiques.
 28626 | Orc:2    | Bought a scroll of blinking for 97 gold pieces
 28676 | Orc:2    | Bought a papyrus book for 405 gold pieces
 28676 | Orc:2    | Bought a scroll labeled JUGOVV GAANEB for 27 gold pieces
 28676 | Orc:2    | Bought a hardcover book for 405 gold pieces
 29184 | Orc:1    | Found Xupy's Armour Shoppe.
 29361 | Orc:2    | Noticed an orc warlord
 29397 | Orc:2    | Killed an orc warlord
 29788 | Lair:1   | Learned a level 9 spell: Tornado
 29855 | Lair:1   | Bought a runed spear for 93 gold pieces
 29857 | Lair:1   | Bought a runed spear for 99 gold pieces
 29878 | Lair:1   | Learned a level 5 spell: Lightning Bolt
 29977 | D:13     | Got a scintillating silver ring
 30008 | D:13     | Identified the ring "Wezeosi" {-Tele rF++ Dex+3 Stlth+} (You found it on level 13 of the Dungeon)
 30015 | D:13     | Found a burning altar of Makhleb.
 30284 | D:13     | Noticed Frances
 30298 | D:13     | Killed Frances
 30543 | D:13     | Reached skill level 5 in Air Magic
 32220 | D:14     | Found a gate to the Vaults.
 32410 | D:15     | Entered Level 15 of the Dungeon
 32437 | D:15     | Reached skill level 16 in Polearms
 32845 | D:15     | Found a blossoming altar of Fedhas.
 33025 | D:15     | Found a staircase to the Depths.
 33486 | Depths:1 | Entered Level 1 of the Depths
 33486 | Depths:1 | Found a runed door.
 33711 | D:15     | Reached XP level 16. HP: 122/122 MP: 24/27
 33949 | Swamp:1  | Entered Level 1 of the Swamp
 38935 | Swamp:4  | Entered Level 4 of the Swamp
 39194 | Swamp:3  | Reached skill level 10 in Air Magic
 39858 | Swamp:4  | Noticed a thorn hunter
 40109 | Swamp:4  | Killed a thorn hunter
 40487 | Swamp:4  | Noticed a thorn hunter
 40495 | Swamp:4  | Killed a thorn hunter
 40560 | Swamp:4  | Noticed the 27-headed Lernaean hydra
 40594 | Swamp:3  | Reached skill level 10 in Spellcasting
 41645 | Swamp:3  | Reached XP level 17. HP: 87/128 MP: 29/31
 42873 | Swamp:4  | Got a decaying rune of Zot
 43301 | Vaults:1 | Entered Level 1 of the Vaults
 46402 | Vaults:1 | Upgraded the game from 0.18.0-1-g0107ab7 to 0.18.0-2-g198d6d4
 46710 | Vaults:2 | Found Qot Goqo's Weapon Shoppe.
 46839 | Vaults:2 | Slain by a deep elf knight

Skill      XL: |  1  2  3  4  5  6  7  8  9 10 11 12 13 14 15 16 17 |
---------------+----------------------------------------------------+-----
Polearms       | 2 3 4 5 6 8 10 11 12 13 14 15 16 | 16.0
Charms         | 4 5 6 7 |  7.0
Spellcasting   | 4 5 6 7 10 11 | 11.4
Armour         | 3 4 6 7 8 |  8.0
Dodging        | 3 5 6 7 8 |  8.0
Fighting       | 4 6 8 9 10 | 10.0
Air Magic      | 2 4 7 11 13 | 13.0

Action                   |  1- 3 |  4- 6 |  7- 9 | 10-12 | 13-15 | 16-18 || total
-------------------------+-------+-------+-------+-------+-------+-------++-------
Melee: Spear             |   168 |   253 |    69 |    10 |       |   100 ||   600
       Trident           |       |       |   281 |       |       |       ||   281
       Halberd           |       |       |    75 |   578 |  1465 |   882 ||  3000
 Cast: Infusion          |    20 |    26 |    10 |     5 |     4 |     6 ||    71
       Shroud of Golubri |     2 |     4 |    11 |    27 |    20 |    17 ||    81
       Spectral Weapon   |       |     5 |    49 |    75 |   143 |   131 ||   403
       Repel Missiles    |       |       |       |     1 |     1 |     2 ||     4
       Summon Butterflie |       |       |       |       |     1 |       ||     1
       Apportation       |       |       |       |       |       |     1 ||     1
Invok: Potion Petition   |       |       |       |     4 |     1 |       ||     5
       Call Merchant     |       |       |       |     2 |     4 |     2 ||     8
Evoke: Wand              |       |     1 |     1 |    19 |    27 |     1 ||    49
       Lamp of fire      |       |       |       |       |       |     2 ||     2
       Deck              |       |       |       |       |       |     2 ||     2
  Use: Scroll            |     3 |     3 |    10 |     6 |    18 |    11 ||    51
 Stab: Distracted        |       |       |       |     6 |    23 |    17 ||    46
       Invisible         |       |       |       |     2 |     2 |       ||     4
       Sleeping          |       |       |       |     3 |       |       ||     3
Armor: Leather armour    |    38 |    51 |    98 |    56 |    16 |   200 ||   459
       Ring mail         |       |       |       |    60 |   323 |       ||   383
Dodge: Dodged            |    95 |   123 |   181 |   248 |   619 |   428 ||  1694
       Deflected         |       |       |       |       |    12 |    15 ||    27
Block: Other             |       |       |       |       |   168 |    98 ||   266
       Reflection        |       |       |       |       |    12 |     2 ||    14
